 Dungeon Crawl Stone Soup version 0.26-a0-665-gefeb406119 (webtiles) character file.

Game seed: 9282394729195404927

186783 Lavandula the Scholar (level 17, -1/128 HPs)
             Began as a Demonspawn Air Elementalist on Oct 14, 2020.
             Was an Elder of Sif Muna.
             Slain by a redback (8 damage)
             ... on level 2 of the Spider Nest on Oct 15, 2020.
             The game lasted 02:23:32 (31487 turns).

Lavandula the Scholar (DsAE)                       Turns: 31487, Time: 02:23:33

Health: -1/128     AC: 25    Str: 10    XL:     17   Next: 43%
Magic:  0/33       EV: 17    Int: 22    God:    Sif Muna [****..]
Gold:   293        SH:  0    Dex: 14    Spells: 3/40 levels left

rFire    + + .     SeeInvis +   O - +7 pair of quick blades "Gyre" and "Gimble" {protect}
rCold    . . .     Faith    .   (shield currently unavailable)
rNeg     . . .     Spirit   .   f - +2 troll leather armour {Snorg}
rPois    +         Reflect  .   j - +0 helmet {SInv}
rElec    .         Harm     .   x - +2 cloak {rPois}
rCorr    .         Rampage  .   w - +1 pair of gloves
MR       +....                  (boots unavailable)
Stlth    +.........             H - amulet of magic regeneration
HPRegen  0.71/turn              T - ring of wizardry
MPRegen  0.48/turn              t - ring of protection from fire

@: confused, mighty, lethally poisoned (-1 -> -23), sanguine armour
A: hooves 3, fire resistance 1, ignite blood, powered by pain 3, flame cloud
immunity, sanguine armour 3
}: 1/15 runes: barnacled
a: Channel Magic, Forget Spell, Divine Exegesis, Renounce Religion


You were on level 2 of the Spider Nest.
You worshipped Sif Muna.
Sif Muna was greatly pleased with you.
You visited 8 branches of the dungeon, and saw 32 of its levels.
You also visited: Sewer and Ice Cave.

You collected 4180 gold pieces.
You spent 3887 gold pieces at shops.

Inventory:

Hand Weapons
 p - the +0 sword of Power
   (You found it on level 4 of the Shoals)
 G - a +6 demon trident of freezing
 O - the +7 pair of quick blades "Gyre" and "Gimble" (weapon) {protect}
   (You took it off a big kobold on level 10 of the Dungeon)

   It grants its wielder temporary protection when it strikes (+7 to AC).
Missiles
 b - 31 javelins (quivered)
 m - 126 poisoned darts
 E - 5 throwing nets
 R - 8 curare-tipped darts
Armour
 c - +0 ice dragon scales
 f - a +2 troll leather armour (worn) {Snorg}
 j - a +0 helmet of see invisible (worn)
 o - +0 fire dragon scales
 w - a +1 pair of gloves (worn)
 x - a +2 cloak of poison resistance (worn)
 y - a +1 leather armour of magic resistance
 C - +0 swamp dragon scales
Jewellery
 d - the ring "Isiasidd" {Ice Int+4}
   (You found it in an ice cave)

   [ring of ice]

   It enhances your ice magic.
   It affects your intelligence (+4).
   It makes you vulnerable to fire.
   It protects you from cold.
 t - a ring of protection from fire (right hand)
 u - an uncursed ring of positive energy
 z - an uncursed ring of resist corrosion
 D - the ring of the Zebra {rPois rF- rN+ Int+3 SInv}
   (You found it on level 6 of the Lair of Beasts)

   [ring of positive energy]

   It affects your intelligence (+3).
   It makes you vulnerable to fire.
   It protects you from poison.
   It protects you from negative energy.
   It lets you see invisible.
 H - an amulet of magic regeneration (around neck)
 T - a ring of wizardry (left hand)
Wands
 r - a wand of iceblast (18)
 A - a wand of flame (32)
 I - a wand of disintegration (8)
 L - a wand of paralysis (7)
 S - a wand of digging (13)
Scrolls
 g - a scroll of enchant weapon
 s - 16 scrolls of remove curse
 v - a scroll of fear
 F - 5 scrolls of immolation
 J - 2 scrolls of torment
 Q - 2 scrolls of blinking
 V - 3 scrolls of amnesia
 W - 3 scrolls of teleportation
 X - a scroll of summoning
 Z - 2 scrolls of magic mapping
Potions
 a - 2 potions of resistance
 e - 2 potions of brilliance
 h - 3 potions of stabbing
 i - 4 potions of might
 k - 6 potions of flight
 l - 5 potions of haste
 n - 12 potions of heal wounds
 q - 5 potions of mutation
 B - 3 potions of lignification
 K - 11 potions of curing
 M - 3 potions of magic
 P - 3 potions of cancellation
 U - 9 potions of ambrosia
Miscellaneous
 N - a lightning rod (4/4)
 Y - a phantom mirror


   Skills:
 - Level 10.2 Fighting
 - Level 8.0 Short Blades
   Level 6.0 Staves
 - Level 5.9 Throwing
 - Level 5.5 Armour
 + Level 8.8 Dodging
 - Level 5.9 Stealth
 - Level 12.0 Spellcasting
 - Level 8.6 Conjurations
 - Level 8.0 Summonings
 - Level 1.5 Necromancy
 - Level 5.0 Translocations
 - Level 5.4 Ice Magic
 - Level 7.9 Air Magic
 - Level 13.0 Invocations
 - Level 6.6 Evocations


You had 3 spell levels left.
You knew the following spells:

 Your Spells              Type           Power        Failure   Level
a - Shock                 Conj/Air       ####         1%          1
b - Swiftness             Air            #####...     1%          2
c - Static Discharge      Conj/Air       #####...     1%          3
d - Airstrike             Air            #####.....   1%          4
e - Corpse Rot            Necr/Air       N/A          1%          2
f - Blink                 Tloc           N/A          1%          2
g - Apportation           Tloc           #####.       1%          1
h - Summon Forest         Summ/Tloc      #####.....   4%          5
i - Freezing Cloud        Conj/Ice/Air   #####.....   19%         6
j - Malign Gateway        Summ/Tloc      #####.....   80%         7
k - Passage of Golubria   Tloc           N/A          3%          4

Your spell library contained the following spells:

 Spells                   Type           Power        Failure   Level
 Animate Skeleton         Necr           ###...       1%          1
 Foxfire                  Conj/Fire      ####         1%          1
 Freeze                   Ice            ####         1%          1
 Magic Dart               Conj           ####         1%          1
 Pain                     Necr           ###.         1%          1
 Summon Small Mammal      Summ           ####         1%          1
 Searing Ray              Conj           ######       1%          2
 Call Canine Familiar     Summ           #####...     1%          3
 Conjure Flame            Conj/Fire      ####....     1%          3
 Gell's Gravitas          Tloc           #####.....   1%          3
 Lesser Beckoning         Tloc           #####.....   1%          3
 Stone Arrow              Conj/Erth      ####..       1%          3
 Teleport Other           Tloc           #####...     1%          3
 Corona                   Hex            ##.....      2%          1
 Sublimation of Blood     Necr           ###.......   2%          2
 Vampiric Draining        Necr           ###.......   4%          3
 Confusing Touch          Hex            ##......     8%          3
 Ignite Poison            Fire/Tmut/Pois ##......     8%          3
 Inner Flame              Hex/Fire       ##......     8%          3
 Spider Form              Tmut/Pois      ##........   8%          3
 Hailstorm                Conj/Ice       #####...     1%          4
 Summon Ice Beast         Ice/Summ       #####...     1%          4
 Summon Lightning Spire   Summ/Air       #####...     1%          4
 Lightning Bolt           Conj/Air       #####.....   2%          5
 Sticky Flame             Conj/Fire      ####....     4%          4
 Ice Form                 Ice/Tmut       ####....     9%          4
 Fireball                 Conj/Fire      ####......   12%         5
 Conjure Ball Lightning   Conj/Air       #####.....   13%         6
 Animate Dead             Necr           ###.......   14%         4
 Silence                  Hex/Air        ####......   14%         5
 Shadow Creatures         Summ           N/A          16%         6
 Bolt of Magma            Conj/Fire/Erth ####......   22%         5
 Metabolic Englaciation   Hex/Ice        ####......   24%         5
 Cause Fear               Hex            ##........   26%         4
 Petrify                  Tmut/Erth      ##......     26%         4
 Agony                    Necr           ###.....     34%         5
 Ozocubu's Refrigeration  Ice            #####.....   38%         6
 Starburst                Conj/Fire      ####......   52%         6
 Yara's Violent Unravell  Hex/Tmut       ##........   54%         5
 Spellforged Servitor     Conj/Summ      #####.....   54%         7
 Summon Greater Demon     Summ           #####.....   58%         7
 Summon Hydra             Summ           #####.....   58%         7
 Simulacrum               Ice/Necr       ####......   65%         6
 Haunt                    Necr/Summ      ####......   95%         7
 Eringya's Noxious Bog    Tmut/Pois      ##........   98%         6
 Hydra Form               Tmut           ##........   98%         6
 Invisibility             Hex            ##......     98%         6
 Summon Horrible Things   Summ           #####.....   99%         8
 Dragon Form              Tmut           ##........   100%        7
 Borgnjor's Revivificati  Necr           ###.......   100%        8
 Discord                  Hex            ##........   100%        8
 Lehudib's Crystal Spear  Conj/Erth      ####......   100%        8
 Dragon's Call            Summ           #####.....   100%        9
 Fire Storm               Conj/Fire      ####......   100%        9


Dungeon Overview and Level Annotations

Branches:
Dungeon (15/15)            Temple (1/1) D:6            Lair (6/6) D:11
 Shoals (4/4) Lair:3       Spider (2/4) Lair:3        Slime (0/5) Lair:6
    Orc (2/2) D:10            Elf (1/3) Orc:2        Vaults (0/5) D:14
 Depths (1/5) D:15          Sewer (visited)           IceCv (visited)

Altars:
Ashenzari
Cheibriados
Dithmenos
Elyvilon
Fedhas
Gozag
Hepliaklqana
Kikubaaqudgha
Makhleb
Nemelex Xobeh
Okawaru
Qazlal
Ru
Sif Muna
Trog
Uskayaw
Vehumet
Wu Jian
Yredelemnul
Zin
The Shining One
Beogh

Shops:
D:7 (   D:13 *   D:14 !   Orc:2 !*[!?

Annotations:
D:3 3 runed translucent doors, flt's ghost, amateur OgHu
D:4 Edmund
D:9 3 runed translucent doors, Ijustatesigmund's ghost, novice SpWn
Lair:3 exclusion: 2 oklob plants
Shoals:2 3 runed translucent doors, Mosol's ghost, journeyman TrBr


Innate Abilities, Weirdness & Mutations

You have hooves in place of feet.
Your flesh is heat resistant. (rF+)
Your demonic aura causes spilled blood to erupt in flames.
You are powered by pain.
You are immune to clouds of flame.
When seriously injured, your bleeding wounds create very thick armour. (AC +12)


Message History

The redback barely misses you.
In your confused state, you trip and fall back down the stairs.
You feel very sick. The wolf spider barely misses you.
The wolf spider bites you!
* * * LOW HITPOINT WARNING * * *
You focus on the pain.
You feel very mighty all of a sudden.
The redback bites you but does no damage.
The redback bites you!
* * * LOW HITPOINT WARNING * * *
The wolf spider is engulfed in blazing flames.
The wolf spider hits you!
* * * LOW HITPOINT WARNING * * *
The wolf spider barely misses you.
The hornet evades a web.
The redback is engulfed in blazing flames.
The redback misses you. The ghost moth stares at you.
You feel your power leaking away. The redback bites you!
You die...

.^......###
...^°.....#
..........####
.............#
.............#
......s.....#
......y.§.#.#
.....ys@s...#
.[...ysss....#
.......s....##
........s.###
....[.....^
...........#
^...........
..........###


You could see a ghost moth (invisible), a wolf spider (berserk), a moth of
wrath, an orb spider, a hornet, a jumping spider and 5 redbacks.

Vanquished Creatures
  Kirke (Lair:4)
  Ilsuiw (Shoals:2)
  2 entropy weavers (Lair:5)
  Snorg (Lair:6)
  A merfolk javelineer (Shoals:2)
  A fire dragon (Lair:6)
  3 merfolk impalers (Shoals:4)
  An ogre mage (Orc:2)
  2 ice dragons (IceCv)
  Harold (D:11)
  4 vault guards (D:14)
  Fannar (D:11)
  3 hydras
  A boulder beetle (D:15)
  An alligator snapping turtle (Shoals:4)
  2 merfolk avatars
  3 death yaks (Lair:6)
  3 catoblepae
  A queen ant (Lair:5)
  A merfolk aquamancer (Shoals:4)
  A satyr (Shoals:3)
  4 centaur warriors
  12 two-headed ogres
  A tengu warrior (D:14)
  Sonja (D:11)
  10 sea snakes
  2 deep trolls (Orc:2)
  An unseen horror (D:15)
  A kraken simulacrum (Shoals:4)
  2 lindwurms (Lair:6)
  A deep elf mage (D:12)
  A harpy (shapeshifter) (D:14)
  7 harpies
  An orc knight (Orc:2)
  2 orc sorcerers (Orc:2)
  2 ugly things
  2 orb spiders
  3 fauns (Shoals:3)
  3 wolf spiders (Spider:1)
  3 oklob plants
  5 slime creatures
  12 manticores
  7 elephants
  3 cyclopes
  8 merfolk sirens
  2 ice statues (IceCv)
  4 water nymphs
  6 black mambas
  A kobold demonologist (D:11)
  6 torpor snails (Lair:6)
  7 cane toads
  Maggie (D:6)
  2 demonic crawlers (Spider:1)
  A freezing wraith (D:14)
  6 rime drakes
  2 efreet
  A centaur skeleton (D:10)
  9 komodo dragons
  2 ice devils (Lair:3)
  A tengu conjurer (D:13)
  A polar bear (shapeshifter) (D:14)
  15 merfolk
  3 meliai (Lair:4)
  A queen bee (Lair:4)
  12 trolls
  8 jumping spiders (Spider:1)
  8 hornets
  4 tyrant leeches (Lair:6)
  7 snapping turtles
  Prince Ribbit (D:6)
  5 wind drakes
  2 dream sheep (Lair:6)
  5 blink frogs
  A tarantella (Spider:2)
  20 redbacks (Spider:1)
  10 spriggans (Lair:1)
  8 wyverns
  4 basilisks
  2 water elementals
  36 yaks
  A shadow (D:12)
  Eustachio (D:4)
  10 humans
  2 steam dragons
  2 two-headed ogre zombies (D:10)
  2 vampire mosquitoes (D:14)
  Menkaure (D:4)
  3 wargs
  16 soldier ants
  A nameless horror (Lair:5)
  25 water moccasins
  A hornet zombie (D:11)
  14 ice beasts
  24 orc warriors
  26 ogres
  4 phantoms
  A sky beast (D:9)
  9 wolves
  12 centaurs
  6 big kobolds
  16 bullfrogs
  A gnoll sergeant (D:7)
  6 scorpions
  2 troll zombies (D:10)
  36 killer bees
  9 wights
  3 bullfrog zombies
  4 centaur zombies
  A quasit (D:13)
  5 jellies
  3 hounds
  Crazy Yiuf (D:5)
  29 orc priests
  4 bullfrog skeletons
  23 orc wizards
  Terence (D:2)
  2 iguanas
  Ijyb (D:5)
  27 worker ants
  3 ogre zombies (D:10)
  4 hound skeletons
  4 howler monkey zombies
  A worker ant zombie (D:7)
  8 gnolls
  13 adders
  A howler monkey skeleton (D:6)
  2 shadow imps (D:5)
  4 white imps
  3 ufetubi
  An ooze (D:1)
  An adder skeleton (D:7)
  4 worms
  2 dart slugs
  4 leopard geckos
  89 orcs
  2 ball pythons
  9 bats
  8 giant cockroaches
  5 goblins
  7 hobgoblins
  9 jackals
  6 quokkas
  3 frilled lizards
  2 goblin zombies (D:10)
  2 hobgoblin skeletons (D:10)
  2 hobgoblin zombies (D:10)
  29 kobolds
  A leopard gecko skeleton (D:4)
  An orc skeleton (D:10)
  14 orc zombies (D:10)
  A quokka skeleton (D:4)
  A quokka zombie (D:5)
  16 rats
  6 snaplasher vines
936 creatures vanquished.

Vanquished Creatures (collateral kills)
  Agnes (D:15)
  An ettin (Orc:2)
  2 fire dragons (D:15)
  2 merfolk javelineers
  An ogre mage (Orc:2)
  A hydra (Lair:4)
  A sea snake (Shoals:4)
  A lindwurm (Lair:4)
  2 orb spiders (Spider:1)
  7 wolf spiders (Spider:1)
  A harpy (Shoals:1)
  A cyclops (Orc:2)
  A faun (Shoals:1)
  An elephant (Lair:5)
  A water nymph (Shoals:4)
  A cane toad (Lair:5)
  5 komodo dragons
  A rime drake (Lair:4)
  5 demonic crawlers (Spider:1)
  A troll (Orc:2)
  9 jumping spiders (Spider:1)
  9 merfolk
  2 hornets
  2 blink frogs
  2 snapping turtles (Shoals:1)
  A dream sheep (Lair:6)
  3 tarantellas (Spider:1)
  10 redbacks (Spider:1)
  9 yaks
  A basilisk (Lair:4)
  A hog (Lair:4)
  9 soldier ants (Lair:5)
  A water moccasin (Lair:4)
  3 orc warriors
  3 ice beasts (IceCv)
  4 ogres (Orc:2)
  5 wolves
  2 centaurs
  4 killer bees (Lair:4)
  A wight (D:11)
  A jelly (Lair:6)
  2 orc priests
  An orc wizard (Orc:2)
  8 worker ants (Lair:5)
  10 orcs
  A bush (Lair:6)
141 creatures vanquished.

Vanquished Creatures (others)
  A merfolk (Shoals:1)
  3 humans
  44 fungi
  179 plants
  10 snaplasher vines
  19 tentacles (Shoals:4)
256 creatures vanquished.

Grand Total: 1333 creatures vanquished

Notes
Turn   | Place    | Note
-------+----------+-------------------------------------------
     0 | D:1      | Lavandula the Demonspawn Air Elementalist began the quest
                  | for the Orb.
     0 | D:1      | Reached XP level 1. HP: 13/13 MP: 3/3
   193 | D:1      | Gained mutation: You have large cloven feet. [demonic
                  | ancestry]
   193 | D:1      | Reached XP level 2. HP: 19/19 MP: 1/5
   807 | D:2      | Learned a level 2 spell: Swiftness
   836 | D:2      | Reached XP level 3. HP: 24/24 MP: 2/7
   841 | D:2      | Learned a level 3 spell: Static Discharge
  1090 | D:2      | Noticed Terence
  1117 | D:2      | Killed Terence
  1314 | D:2      | Gained mutation: You sometimes gain a little power by
                  | taking damage. [demonic ancestry]
  1314 | D:2      | Reached XP level 4. HP: 27/30 MP: 1/9
  1487 | D:2      | Found an ornate altar of the Wu Jian Council.
  2270 | D:3      | Reached XP level 5. HP: 35/35 MP: 7/11
  2340 | D:3      | Learned a level 4 spell: Airstrike
  2643 | D:3      | Found a runed translucent gate.
  2645 | D:3      | Found a runed translucent gate.
  2645 | D:3      | Found an opulent altar of Gozag.
  2646 | D:3      | Found a runed translucent gate.
  2648 | D:3      | Noticed flt's ghost (amateur OgHu)
  3001 | D:4      | Found a glowing drain.
  3005 | Sewer    | Entered a sewer
  3111 | Sewer    | Found a white marble altar of Elyvilon.
  3367 | D:4      | Gained mutation: When seriously injured, your bleeding
                  | wounds create armour. (AC +12) [demonic ancestry]
  3367 | D:4      | Reached XP level 6. HP: 41/41 MP: 12/12
  3407 | D:4      | Noticed Edmund
  3507 | D:5      | Entered Level 5 of the Dungeon
  3851 | D:5      | Reached skill level 5 in Air Magic
  3989 | D:5      | Noticed Ijyb
  4010 | D:5      | Killed Ijyb
  4172 | D:5      | Found an ancient bone altar of Kikubaaqudgha.
  4180 | D:5      | Gained mutation: You have hoof-like feet. [demonic
                  | ancestry]
  4180 | D:5      | Reached XP level 7. HP: 46/46 MP: 10/13
  4182 | D:5      | Noticed a human
  4187 | D:5      | Killed a human
  4741 | D:5      | Reached skill level 5 in Spellcasting
  4795 | D:5      | Found a runed translucent door.
  4796 | D:5      | Noticed Crazy Yiuf
  4802 | D:5      | Killed Crazy Yiuf
  4904 | D:6      | Reached skill level 1 in Staves
  5255 | D:4      | Noticed Eustachio
  5274 | D:4      | Gained mutation: Your flesh is heat resistant. (rF+)
                  | [demonic ancestry]
  5274 | D:4      | Reached XP level 8. HP: 42/52 MP: 1/15
  5295 | D:4      | Killed Eustachio
  5590 | D:4      | Reached skill level 1 in Fighting
  5825 | D:4      | Noticed Menkaure
  5827 | D:4      | Killed Menkaure
  6334 | D:6      | Noticed Maggie
  6366 | D:6      | Killed Maggie
  6422 | D:6      | Found a glowing golden altar of the Shining One.
  6426 | D:6      | Found a radiant altar of Vehumet.
  6426 | D:6      | Found an iron altar of Okawaru.
  6441 | D:6      | Found an ornate altar of the Wu Jian Council.
  6451 | D:6      | Reached skill level 5 in Armour
  6607 | D:6      | Noticed Prince Ribbit
  6613 | D:6      | Killed Prince Ribbit
  6613 | D:6      | Gained mutation: You are immune to clouds of flame.
                  | [demonic ancestry]
  6613 | D:6      | Reached XP level 9. HP: 61/61 MP: 4/16
  6765 | D:6      | Found a staircase to the Ecumenical Temple.
  6777 | Temple   | Entered the Ecumenical Temple
  7075 | D:7      | Found a glowing silver altar of Zin.
  7106 | D:7      | Reached skill level 1 in Evocations
  7666 | D:7      | Found Systele's Weapon Shop.
  8126 | D:7      | Reached skill level 5 in Fighting
  8669 | D:8      | Found a shimmering blue altar of Sif Muna.
  8675 | D:8      | Became a worshipper of Sif Muna the Loreminder
  8854 | D:8      | Reached skill level 1 in Invocations
  9270 | D:8      | Learned a level 2 spell: Corpse Rot
  9617 | D:8      | Gained mutation: When seriously injured, your bleeding
                  | wounds create thick armour. (AC +12) [demonic ancestry]
  9617 | D:8      | Reached XP level 10. HP: 76/76 MP: 13/17
  9625 | D:8      | Found a snail-covered altar of Cheibriados.
  9704 | D:8      | Reached * piety under Sif Muna
 10280 | D:9      | You fall into a shaft and drop 2 floors!
 10281 | D:11     | Noticed a white ugly thing
 10283 | D:11     | Noticed Fannar
 10389 | D:11     | Learned a level 2 spell: Blink
 10440 | D:11     | Noticed Harold
 10444 | D:11     | Reached skill level 1 in Translocations
 10455 | D:10     | Entered Level 10 of the Dungeon
 10825 | D:11     | Reached ** piety under Sif Muna
 10833 | D:11     | Killed Fannar
 10833 | D:11     | Reached skill level 5 in Staves
 10943 | D:11     | Noticed a cyclops
 10974 | D:10     | Noticed a two-headed ogre
 11557 | D:10     | Found an iron altar of Okawaru.
 11566 | D:10     | Reached skill level 5 in Dodging
 11899 | D:9      | Reached *** piety under Sif Muna
 12123 | D:9      | Found a runed translucent gate.
 12123 | D:9      | Found a runed translucent gate.
 12245 | D:9      | Found a runed translucent gate.
 12248 | D:9      | Noticed Ijustatesigmund's ghost (novice SpWn)
 12698 | D:10     | Gained mutation: When seriously injured, your bleeding
                  | wounds create very thick armour. (AC +12) [demonic
                  | ancestry]
 12698 | D:10     | Reached XP level 11. HP: 81/81 MP: 12/18
 13108 | D:10     | Killed a two-headed ogre
 13155 | D:11     | Noticed Sonja
 13172 | D:11     | Killed Sonja
 13473 | D:11     | Killed a white ugly thing
 13494 | D:11     | Reached skill level 5 in Short Blades
 13684 | D:11     | Reached **** piety under Sif Muna
 13862 | D:11     | Learned a level 5 spell: Summon Forest
 13875 | D:11     | Found a staircase to the Lair.
 13931 | Lair:1   | Entered Level 1 of the Lair of Beasts
 14224 | Lair:1   | Learned a level 1 spell: Apportation
 14440 | Lair:1   | Reached skill level 1 in Necromancy
 14488 | Lair:1   | Reached skill level 1 in Summonings
 14862 | Lair:1   | Reached XP level 12. HP: 88/88 MP: 19/19
 14891 | Lair:1   | Reached skill level 5 in Summonings
 16784 | Lair:3   | Reached ***** piety under Sif Muna
 16807 | Lair:3   | Found a staircase to the Shoals.
 16866 | Lair:3   | Found a frozen archway.
 16886 | Lair:3   | Identified Sif Muna's Disquisition on Scorching Stolen
                  | Souls (Sif Muna gifted it to you on level 3 of the Lair of
                  | Beasts)
 16886 | Lair:3   | Received a gift from Sif Muna
 16904 | IceCv    | Entered an ice cave
 16982 | IceCv    | Reached skill level 5 in Translocations
 16990 | IceCv    | Reached skill level 2 in Invocations
 17241 | IceCv    | Reached skill level 3 in Invocations
 17265 | IceCv    | Reached skill level 4 in Invocations
 17291 | IceCv    | Noticed an ice dragon
 17291 | IceCv    | Noticed an ice dragon
 17612 | IceCv    | Killed an ice dragon
 17612 | IceCv    | Reached skill level 5 in Evocations
 17892 | IceCv    | Killed an ice dragon
 17994 | IceCv    | Got a heavily runed wooden ring
 17996 | IceCv    | Identified the ring "Isiasidd" {Ice Int+4} (You found it in
                  | an ice cave)
 18504 | Lair:4   | Reached skill level 5 in Invocations
 18550 | Lair:4   | Gained mutation: Your demonic aura causes spilled blood to
                  | erupt in flames. [demonic ancestry]
 18550 | Lair:4   | Reached XP level 13. HP: 63/93 MP: 17/20
 18566 | Lair:4   | Reached skill level 6 in Invocations
 18716 | Lair:4   | Reached skill level 7 in Invocations
 18834 | Lair:5   | Reached skill level 8 in Invocations
 19047 | Lair:4   | Reached skill level 9 in Invocations
 19157 | Lair:4   | Identified the Compendium of Aerial Conjuration
 19564 | Lair:5   | Noticed Kirke
 19579 | Lair:4   | Killed Kirke
 19791 | Lair:5   | Learned a level 6 spell: Freezing Cloud
 19948 | Lair:5   | Reached skill level 1 in Ice Magic
 20089 | Lair:5   | Noticed an entropy weaver
 20098 | Lair:5   | Noticed an entropy weaver
 20154 | Lair:5   | Killed an entropy weaver
 20181 | Lair:5   | Killed an entropy weaver
 20232 | Lair:5   | Received a gift from Sif Muna
 20288 | Lair:5   | Reached skill level 5 in Ice Magic
 20728 | Lair:6   | Entered Level 6 of the Lair of Beasts
 20867 | Lair:6   | Gained mutation: You sometimes gain power by taking damage.
                  | [demonic ancestry]
 20867 | Lair:6   | Reached XP level 14. HP: 85/100 MP: 22/24
 20947 | Lair:6   | Reached skill level 5 in Stealth
 21212 | Lair:6   | Identified the ring of the Zebra {rPois rF- rN+ Int+3 SInv}
                  | (You found it on level 6 of the Lair of Beasts)
 21269 | Lair:6   | Found a staircase to the Slime Pits.
 21374 | Lair:6   | Noticed Snorg
 21377 | Lair:6   | Reached skill level 10 in Invocations
 21403 | Lair:6   | Identified Sif Muna's Catalogue of Curses and
                  | Transmigration (Sif Muna gifted it to you on level 6 of the
                  | Lair of Beasts)
 21403 | Lair:6   | Received a gift from Sif Muna
 21435 | Lair:6   | Killed Snorg
 21590 | Lair:6   | Reached skill level 11 in Invocations
 21691 | Lair:6   | Found a runed translucent door.
 21734 | Lair:6   | Paralysed by a hornet for 1 turns
 21837 | Lair:6   | Reached skill level 12 in Invocations
 22415 | D:11     | Killed Harold
 22667 | D:12     | Reached skill level 13 in Invocations
 23117 | D:12     | Got a masterwork scale mail
 23128 | D:12     | Identified the +1 scale mail of the Slightly Bent {Rampage
                  | rC+ MP+9 Stlth-} (You found it on level 12 of the Dungeon)
 23331 | D:12     | Identified Sif Muna's Handbook of Creative Ice (Sif Muna
                  | gifted it to you on level 12 of the Dungeon)
 23331 | D:12     | Received a gift from Sif Muna
 23778 | D:13     | Found Catit's General Store.
 24524 | D:14     | Identified the Grimoire of Calling and Combat Magic
 24821 | D:14     | Found Rajionix's Distillery.
 24824 | D:14     | Bought a potion of experience for 700 gold pieces
 24824 | D:14     | Reached skill level 10 in Spellcasting
 24824 | D:14     | Gained mutation: You have hooves in place of feet. [demonic
                  | ancestry]
 24824 | D:14     | Reached XP level 15. HP: 84/105 MP: 27/29
 24825 | D:14     | Bought 2 potions of cancellation for 224 gold pieces
 24825 | D:14     | Bought a potion of heal wounds for 70 gold pieces
 24825 | D:14     | Bought a potion of magic for 112 gold pieces
 24825 | D:14     | Bought a potion of haste for 140 gold pieces
 24825 | D:14     | Bought a potion of curing for 42 gold pieces
 25006 | D:14     | Gained mutation: You are powered by pain. [demonic
                  | ancestry]
 25006 | D:14     | Reached XP level 16. HP: 82/111 MP: 29/31
 25041 | D:14     | Found a gate to the Vaults.
 25360 | D:15     | Entered Level 15 of the Dungeon
 25599 | D:15     | Noticed Agnes
 25612 | D:15     | Killed Agnes
 25657 | D:15     | Found a staircase to the Depths.
 25683 | Depths:1 | Entered Level 1 of the Depths
 25842 | D:10     | Found a staircase to the Orcish Mines.
 25852 | Orc:1    | Entered Level 1 of the Orcish Mines
 25921 | Orc:2    | Entered Level 2 of the Orcish Mines
 26067 | Orc:2    | Found Sexzur's Magic Scroll Boutique.
 26085 | Orc:2    | Bought a scroll of summoning for 133 gold pieces
 26085 | Orc:2    | Bought a scroll of enchant armour for 105 gold pieces
 26085 | Orc:2    | Bought a scroll of teleportation for 42 gold pieces
 26122 | Orc:2    | Found a staircase to the Elven Halls.
 26405 | Orc:2    | Identified Qixkixie's Disquisition on Summoning and the
                  | Blaze (Sif Muna gifted it to you on level 2 of the Orcish
                  | Mines)
 26405 | Orc:2    | Received a gift from Sif Muna
 26415 | Orc:2    | Reached skill level 5 in Conjurations
 26634 | Orc:2    | Found Axuciobb's Assorted Antiques.
 26677 | Orc:2    | Found Biangoa's Distillery.
 26678 | Orc:2    | Found Ifuruamo's Antique Armour Shop.
 26686 | Orc:2    | Found a roughly hewn altar of Beogh.
 26753 | Orc:2    | Found Haef's Distillery.
 26761 | Orc:2    | Bought a glowing helmet for 157 gold pieces
 26779 | Orc:2    | Bought 2 potions of resistance for 300 gold pieces
 26779 | Orc:2    | Bought 2 potions of heal wounds for 150 gold pieces
 26779 | Orc:2    | Bought 2 potions of mutation for 240 gold pieces
 26779 | Orc:2    | Bought a potion of curing for 45 gold pieces
 26779 | Orc:2    | Bought a potion of haste for 150 gold pieces
 26779 | Orc:2    | Bought a potion of magic for 120 gold pieces
 26784 | Orc:2    | Bought a shadowed robe for 119 gold pieces
 26784 | Orc:2    | Bought an encrusted ring mail for 189 gold pieces
 26784 | Orc:2    | Identified the +1 robe of Iqiut {Harm MR- Slay+3} (You
                  | bought it in a shop on level 2 of the Orcish Mines)
 26785 | Orc:2    | Identified the cursed +1 ring mail of Analysis {rC+ Str+3
                  | Dex+3} (You bought it in a shop on level 2 of the Orcish
                  | Mines)
 26792 | Orc:2    | Bought a potion of heal wounds for 70 gold pieces
 26792 | Orc:2    | Bought a potion of heal wounds for 70 gold pieces
 26792 | Orc:2    | Bought a potion of curing for 42 gold pieces
 26797 | Orc:2    | Bought a potion of heal wounds for 145 gold pieces
 26797 | Orc:2    | Bought a potion of curing for 87 gold pieces
 26797 | Orc:2    | Bought a potion of heal wounds for 145 gold pieces
 26947 | Orc:1    | Found a roughly hewn altar of Beogh.
 27056 | Elf:1    | Entered Level 1 of the Elven Halls
 27544 | Orc:2    | Bought 2 potions of heal wounds for 290 gold pieces
 27754 | Shoals:1 | Entered Level 1 of the Shoals
 28035 | Shoals:1 | Reached skill level 1 in Throwing
 28189 | Shoals:2 | Noticed Ilsuiw
 28220 | Shoals:2 | Killed Ilsuiw
 28322 | Shoals:2 | Found a runed translucent gate.
 28322 | Shoals:2 | Found a runed translucent gate.
 28322 | Shoals:2 | Found a runed translucent gate.
 28361 | Shoals:2 | Noticed Mosol's ghost (journeyman TrBr)
 28452 | Shoals:3 | Reached skill level 5 in Throwing
 28558 | Shoals:4 | Entered Level 4 of the Shoals
 29526 | Shoals:4 | Reached XP level 17. HP: 109/122 MP: 29/33
 29611 | Shoals:4 | Identified Sif Muna's Papyrus of Confrontation and the
                  | Frostbite (Sif Muna gifted it to you on level 4 of the
                  | Shoals)
 29611 | Shoals:4 | Received a gift from Sif Muna
 29726 | Shoals:4 | Found the +0 sword of Power
 30109 | Shoals:4 | Reached skill level 10 in Fighting
 30399 | Shoals:4 | Got a barnacled rune of Zot
 30468 | Lair:3   | Learned a level 7 spell: Malign Gateway
 30826 | Lair:3   | Found a hole to the Spider Nest.
 30835 | Lair:3   | Learned a level 4 spell: Passage of Golubria
 30840 | Spider:1 | Entered Level 1 of the Spider Nest
 31487 | Spider:2 | Slain by a redback

Illustrated notes

Levels and vault maps discovered:
D:1:      dpeg_arrival_simpleton_c, layout_basic, solitary_fountain
D:2:      wad_woods_stonehenge, layout_basic, serial_forest,
          infiniplex_forest_straight_2, infiniplex_forest_end_double,
          infiniplex_forest_straight_4, infiniplex_forest_lined_4_way,
          infiniplex_forest_clump_double, infiniplex_forest_clump_large,
          infiniplex_forest_end_3, uniq_terence
D:3:      minmay_spotlight, layout_basic, ebering_ghost_gozag,
          serial_bayou_pond_c, minmay_unequal
D:4:      layout_basic, gup_sewer_entry_spiral, uniq_edmund, uniq_eustachio,
          uniq_menkaure
D:5:      layout_loops_cross, serial_rivers, chequers_serial_rivers_micro_a,
          chequers_serial_rivers_micro_b, chequers_serial_rivers_micro_e,
          chequers_serial_rivers_room_a, chequers_serial_rivers_large_a,
          tgw_kikubaaqudgha, uniq_crazy_yiuf_cottage, uniq_ijyb
D:6:      layout_rooms, nicolae_overflow_hidden_temple, minitemple,
          minmay_temple_entry_drinking_statues, uniq_maggie, uniq_prince_ribbit1
D:7:      layout_loops_cross, nicolae_overflow_crystal_walls, serial_shops,
          nicolae_shop_window_shopping, minmay_fractal_squares_gapless_5
D:8:      layout_loops_ring, kennysheep_mini_moat, kennysheep_little_box
D:9:      layout_loops_ring, ebering_ghost_rock_garden
D:10:     layout_long_grid, zombieorc2_lemuel, okawaru_humans
D:11:     layout_rooms, erik_lair_dragon, special_room [special_room_orc],
          uniq_harold, uniq_fannar, uniq_sonja
D:12:     minmay_weird_star, layout_loops_cross, serial_park_tiny_2,
          roderic_roman_lattice
D:13:     layout_stronghold, serial_shops, nicolae_shop_waterfront
D:14:     layout_loops_cross, ximxim_vaults_locker_room, serial_shops,
          kennysheep_mini, minmay_crystal_room
D:15:     grunt_enter_depths_hoard, layout_rooms, minmay_misc_feat_four_crosses,
          uniq_agnes
Temple:   minmay_temple_curvy_branch
Lair:1:   kb_forest_paths, layout_small_grid, small_statue_intersection
Lair:2:   layout_gridlike, beast_lair_carwin_11, serial_bayou_shore_a
Lair:3:   layout_gridlike, shoals_dummy_entry,
          nicolae_spider_entry_orb_guardian, portal_ice_cave_demonic_guard,
          serial_bayou_ford_a, serial_bayou_shore_b, minmay_lair_oklob_chamber
Lair:4:   regret_index_harrowing_hell_hive, layout_regular_city
Lair:5:   layout_concentric_octagons, serial_bayou_pond_a, zaba_anthell,
          grunt_megastairs_3, uniq_kirke
Lair:6:   wormcave, layout_misc_corridors, hangedman_lair_in_review,
          minmay_slime_entry_pillars, serial_bayou_pond_b, uniq_snorg
Shoals:1: layout_shoals, centaur_isle
Shoals:2: argonaut_golden_fleece, layout_shoals, gammafunk_ghost_necromancy,
          ldierk_geyser, uniq_ilsuiw
Shoals:3: layout_shoals
Shoals:4: shoals_end_grunt_ice, layout_shoals
Spider:1: layout_spider_delve, drop_trap
Spider:2: layout_spider_delve, gammafunk_ghost_cemetery
Orc:1:    layout_diamond_mine, basic_altar
Orc:2:    st_orc_open, layout_diamond_mine, basic_altar, serial_shops, shop
Elf:1:    layout_geoelf_octagon, serial_shops, shop, minmay_elf_annihilation
Depths:1: layout_cave_pools, serial_sigils, serial_sigils_hangedman_gut,
          serial_sigils_hangedman_gut, serial_sigils_hangedman_leer,
          serial_sigils_hangedman_shear, hangedman_tar_grid_catacomb,
          serial_sigils_hangedman_gut, serial_bayou_lagoon_a,
          chequers_serial_rivers_micro_c, st_stairs_7,
          hangedman_research_pyrotechnics, serial_bayou_shore_b,
          uniq_enchantress, uniq_sojobo, uniq_bai_suzhen

Skill      XL: |  1  2  3  4  5  6  7  8  9 10 11 12 13 14 15 16 17 |
---------------+----------------------------------------------------+-----
Air Magic      | 3 4 5 6 7 |  7.9
Spellcasting   | 3 4 5 7 10 11 12 | 12.0
Staves         | 3 4 6 |  6.0
Fighting       | 2 6 8 10 | 10.2
Armour         | 5 |  5.5
Evocations     | 4 6 |  6.6
Invocations    | 1 5 9 13 | 13.0
Translocations | 1 5 |  5.0
Dodging        | 6 8 |  8.8
Short Blades   | 8 |  8.0
Necromancy     | 1 |  1.5
Summonings     | 4 8 |  8.0
Ice Magic      | 5 |  5.4
Stealth        | 4 5 |  5.9
Conjurations   | 3 8 |  8.6
Throwing       | 5 |  5.9

Action                   |  1- 3 |  4- 6 |  7- 9 | 10-12 | 13-15 | 16-18 || total
-------------------------+-------+-------+-------+-------+-------+-------++-------
Melee: Whip              |     2 |       |       |       |       |       ||     2
       Kick              |     1 |    16 |    29 |    29 |     5 |   209 ||   289
       Trident           |       |    71 |       |       |       |       ||    71
       Quarterstaff      |       |    19 |   169 |   142 |       |       ||   330
       Pair of quick bla |       |       |       |   302 |   765 |   763 ||  1830
Throw: Javelin           |     6 |       |       |     3 |     5 |    11 ||    25
       Throwing net      |       |       |       |     2 |       |     4 ||     6
       Dart              |       |       |       |       |       |     2 ||     2
 Cast: Shock             |    52 |   123 |   151 |   262 |    18 |       ||   606
       Airstrike         |       |     1 |    16 |    96 |   120 |    75 ||   308
       Static Discharge  |       |       |     4 |    22 |     2 |       ||    28
       Corpse Rot        |       |       |       |     3 |     1 |       ||     4
       Blink             |       |       |       |     3 |    15 |     5 ||    23
       Summon Forest     |       |       |       |    10 |    43 |    33 ||    86
       Haunt             |       |       |       |     1 |       |       ||     1
       Apportation       |       |       |       |       |     4 |     6 ||    10
       Summon Hydra      |       |       |       |       |     1 |       ||     1
       Freezing Cloud    |       |       |       |       |       |    11 ||    11
       Dragon's Call     |       |       |       |       |       |     4 ||     4
       Summon Horrible T |       |       |       |       |       |     1 ||     1
       Passage of Golubr |       |       |       |       |       |     1 ||     1
Invok: Channel Magic     |       |       |       |     2 |     1 |     2 ||     5
       Divine Exegesis   |       |       |       |     1 |     1 |     5 ||     7
Evoke: Wand              |       |       |     5 |    12 |    13 |    10 ||    40
       Lightning rod     |       |       |       |    11 |    15 |     8 ||    34
  Use: Scroll            |       |     5 |     7 |    20 |     7 |     8 ||    47
       Potion            |       |       |       |     2 |     1 |     5 ||     8
 Stab: Sleeping          |       |     4 |       |       |    11 |     3 ||    18
       Paralysed         |       |       |       |     6 |       |     4 ||    10
       Held in net/web   |       |       |       |     3 |       |     3 ||     6
       Distracted        |       |       |       |     3 |     6 |     6 ||    15
       Petrifying        |       |       |       |       |     1 |       ||     1
       Petrified         |       |       |       |       |     4 |       ||     4
Armor: Robe              |     2 |    29 |       |       |       |       ||    31
       Leather armour    |       |     2 |    88 |   166 |    66 |       ||   322
       Troll leather arm |       |       |       |       |    91 |   178 ||   269
Dodge: Dodged            |     9 |    68 |   146 |   369 |   238 |   300 ||  1130

Table legend: (Time is in decaauts)
 A = Elapsed time spent in this place.
 B = Non-inter-level travel time spent in this place.
 C = Inter-level travel time spent in this place.
 D = Time resting spent in this place.
 E = Time spent auto-exploring this place.
 F = Levels seen in this place.
 G = Mean time per level.
                   A        B        C        D        E       F      G
               +--------+--------+--------+--------+--------+-----+--------+
         Total |  30537 |  29237 |   1300 |   5250 |  13753 |  34 |  898.1 |
       Dungeon |  17041 |  16391 |    650 |   1794 |  10187 |  15 | 1136.1 |
        Temple |    227 |    222 |      5 |      0 |    222 |   1 |  227.0 |
          Lair |   7312 |   6976 |    336 |   1606 |   1971 |   6 | 1218.7 |
        Shoals |   2339 |   2281 |     58 |    961 |    114 |   4 |  584.8 |
   Spider Nest |    535 |    526 |      9 |    131 |    161 |   2 |  267.5 |
  Orcish Mines |   1608 |   1367 |    241 |     98 |    835 |   2 |  804.0 |
   Elven Halls |      1 |      1 |      0 |      0 |      0 |   1 |    1.0 |
        Depths |      1 |      1 |      0 |      0 |      0 |   1 |    1.0 |
         Sewer |    165 |    165 |      0 |      0 |     19 |   1 |  165.0 |
      Ice Cave |   1304 |   1304 |      0 |    659 |    244 |   1 | 1304.0 |
               +--------+--------+--------+--------+--------+-----+--------+

Top non-repeatable levels by time:
     D:8: 1878 daAuts
  Lair:1: 1825 daAuts
    D:10: 1683 daAuts
     D:5: 1667 daAuts
    D:11: 1634 daAuts
  Lair:4: 1387 daAuts
     D:4: 1357 daAuts
  Lair:6: 1352 daAuts
   IceCv: 1304 daAuts
     D:7: 1253 daAuts
   Orc:2: 1164 daAuts
     D:2: 1151 daAuts
Shoals:4: 1139 daAuts
  Lair:5: 1104 daAuts
     D:3: 1043 daAuts
